[Event "Titled Tuesday Blitz May 10 Late 2022"]
[White "Constantinou, Peter"]
[Black "Petrova, Irina"]
[WhiteFideId "413038"]
[BlackFideId "14124122"]
[WhiteElo "2230"]
[BlackElo "1993"]
[Result "1/2-1/2"]
[Round "05"]
[TimeControl "180+1"]
[Date "2022.05.11"]
[WhiteClock "0:01:47"]
[BlackClock "0:00:42"]

1. e4 c5 2. Nf3 Nc6 3. Bb5 g6 4. Bxc6 dxc6 5. O-O Bg7 6. d3 Nf6 7. h3 Nd7 8. Nbd2 e5 9. a4 Nf8 10. Nc4 Qc7 11. Be3 Ne6 12. c3 O-O 13. a5 Bd7 14. Qd2 b5 15. axb6 axb6 16. b4 b5 17. Na5 cxb4 18. cxb4 Nd4 19. Nxd4 exd4 20. Bf4 Qb6 21. Bd6 Rfe8 22. Bc5 Qc7 23. Nb3 f5 24. exf5 Bxf5 25. Rxa8 Rxa8 26. Nxd4 Bd7 27. Nf3 Be6 28. d4 Bd5 29. Qe3 Qd7 30. Ne5 Bxe5 31. Qxe5 Qe6 32. Re1 Qxe5 33. dxe5 Kf7 34. f4 Ke6 35. g4 Ra2 36. Bf2 Rb2 1/2-1/2


[Site "https://www.chess.com"]

[Event "Titled Tuesday Blitz May 10 Late 2022"]
[White "Daggupati, Balaji"]
[Black "Girsh, Daniel"]
[WhiteFideId "2090759"]
[BlackFideId "30949190"]
[WhiteElo "2634"]
[BlackElo "2459"]
[Result "1-0"]
[Round "05"]
[TimeControl "180+1"]
[Date "2022.05.11"]
[WhiteClock "0:01:47"]
[BlackClock "0:00:21"]

1. e4 c5 2. Nf3 d6 3. d4 cxd4 4. Nxd4 Nf6 5. Nc3 a6 6. Qe2 e5 7. Nf5 Bxf5 8. exf5 Be7 9. g4 h6 10. Be3 d5 11. O-O-O d4 12. f4 Qa5 13. fxe5 dxc3 14. exf6 cxb2+ 15. Kb1 gxf6 16. Bg2 Nc6 17. Bxc6+ bxc6 18. Rhe1 O-O 19. Bxh6 Bb4 20. Bxf8 Bxe1 21. Qxe1 Qxe1 22. Rxe1 Kxf8 23. Kxb2 Kg7 24. Re3 Kh6 25. h4 Rb8+ 26. Kc3 Rb1 27. Re7 Kg7 28. g5 fxg5 29. hxg5 Kf8 30. Ra7 Rg1 31. Rxa6 Rxg5 32. f6 Rc5+ 33. Kb4 Rb5+ 34. Kc4 Kg8 35. a4 Rb2 36. Kc3 Rb1 37. Rxc6 Ra1 38. Kb4 Kh7 39. a5 Kg6 40. a6 Rb1+ 41. Kc5 Ra1 42. Kb6 Rb1+ 43. Kc7 Ra1 44. Kb7 Rb1+ 45. Rb6 Ra1 46. a7 Kf5 47. a8=Q Rxa8 48. Kxa8 Ke5 49. c4 Kd4 50. Rb7 Kxc4 51. Rxf7 Kd5 52. Re7 Kd6 53. Re1 1-0


[Site "https://www.chess.com"]

[Event "Titled Tuesday Blitz May 10 Late 2022"]
[White "Della Morte, German"]
[Black "Ladan, Nicholas"]
[WhiteFideId "113522"]
[BlackFideId "30918855"]
[WhiteElo "2363"]
[BlackElo "2167"]
[Result "1-0"]
[Round "05"]
[TimeControl "180+1"]
[Date "2022.05.11"]
[WhiteClock "0:00:20"]
[BlackClock "0:00:34"]

1. e4 e5 2. Nf3 Nc6 3. Bc4 Nf6 4. Ng5 d5 5. exd5 Na5 6. Bb5+ c6 7. dxc6 bxc6 8. Bd3 Nd5 9. h4 Qc7 10. O-O h6 11. Ne4 Be7 12. g3 O-O 13. Be2 f5 14. Nec3 f4 15. d3 Bh3 16. Re1 fxg3 17. fxg3 Bc5+ 18. Kh2 Qd7 19. Ne4 Ne3 20. Bxe3 Bxe3 21. Nbc3 Rf7 22. Bh5 Bd4 23. Bxf7+ Kxf7 24. Qf3+ Kg8 25. Rf1 Bxf1 26. Rxf1 Nb7 27. Qf5 Qe7 28. Qg6 Nd8 29. Nf6+ 1-0


[Site "https://www.chess.com"]

[Event "Titled Tuesday Blitz May 10 Late 2022"]
[White "Derraugh, Geordie"]
[Black "Lashkin, Jegor"]
[WhiteFideId "2603950"]
[BlackFideId "13907808"]
[WhiteElo "2116"]
[BlackElo "2368"]
[Result "0-1"]
[Round "05"]
[TimeControl "180+1"]
[Date "2022.05.10"]
[WhiteClock "0:00:15"]
[BlackClock "0:01:07"]

1. e4 g6 2. d4 Bg7 3. Nc3 d6 4. Nf3 a6 5. h3 b5 6. Bd3 Bb7 7. O-O Nd7 8. a4 b4 9. Ne2 c5 10. c3 a5 11. Ng3 Qc7 12. Bb5 Bc6 13. Bxc6 Qxc6 14. Re1 e5 15. dxe5 dxe5 16. Qd5 Qxd5 17. exd5 Ne7 18. Bg5 f6 19. d6 Nc6 20. Be3 f5 21. Ng5 Nd8 22. f4 e4 23. N5xe4 fxe4 24. Nxe4 Ne6 25. Nxc5 Ndxc5 26. Bxc5 Kd7 27. cxb4 axb4 28. Bxb4 Rhb8 29. Re4 Bd4+ 30. Rxd4 Nxd4 31. Ba3 Nc2 32. Rc1 Nxa3 33. bxa3 Kxd6 34. Rc4 Ra7 35. Rd4+ Ke6 36. Re4+ Kf7 37. h4 Ra5 38. Rc4 Rb7 39. Kh2 Rba7 40. g3 Rxa4 41. Rc5 Rxa3 42. h5 R3a5 43. hxg6+ Kxg6 44. Rc6+ Kg7 45. Kh3 R5a6 46. Rc5 Rg6 47. Rc3 Ra1 48. Rf3 Rh1+ 49. Kg2 Rh5 50. Kf2 Rc5 51. Kg2 Rgc6 52. f5 Rc3 53. Rf4 R6c4 54. f6+ Kf7 55. Rf1 Rc6 56. Rh1 Rc2+ 57. Kh3 Rxf6 0-1


[Site "https://www.chess.com"]

[Event "Titled Tuesday Blitz May 10 Late 2022"]
[White "Dimakiling, Oliver"]
[Black "Jacobson, Aaron"]
[WhiteFideId "5202248"]
[BlackFideId "2089912"]
[WhiteElo "2426"]
[BlackElo "2265"]
[Result "1-0"]
[Round "05"]
[TimeControl "180+1"]
[Date "2022.05.11"]
[WhiteClock "0:00:55"]
[BlackClock "0:00:05"]

1. c4 e5 2. Nc3 Nf6 3. g3 c6 4. Nf3 e4 5. Nd4 d5 6. cxd5 Bc5 7. Nb3 Bb6 8. dxc6 Nxc6 9. Bg2 Qe7 10. O-O h5 11. d3 e3 12. Bxe3 Bxe3 13. fxe3 Qxe3+ 14. Kh1 h4 15. Rf3 Qe7 16. gxh4 Ne5 17. Re3 Nfg4 18. Qg1 Nxe3 19. Qxe3 Ng4 20. Qxe7+ Kxe7 21. Nd5+ Kd8 22. Kg1 Rxh4 23. Rf1 f6 24. h3 Ne5 25. Nf4 Rb8 26. Nc5 b6 27. Nce6+ Bxe6 28. Nxe6+ Ke7 29. Nxg7 Rhh8 30. Nf5+ Kd7 31. d4 Nc4 32. b3 Na5 33. Ne3 Rbf8 34. Nd5 Ke6 35. e4 f5 36. Nf4+ Kd6 37. e5+ Ke7 38. Ng6+ Ke6 39. d5+ Kd7 40. Nxh8 Rxh8 41. Rxf5 Ke7 42. Rf6 Nb7 43. d6+ Nxd6 44. Rxd6 Rh5 45. Rd5 Ke6 46. Kh2 Rg5 47. h4 Rh5 48. Kg3 a5 49. Rb5 Rh8 50. Bh3+ Ke7 51. Rxb6 Rg8+ 52. Bg4 a4 53. bxa4 Ra8 54. Rb7+ Kf8 55. Bd7 Ke7 56. e6 Ra5 57. Rb4 Rf5 58. Rf4 Rc5 59. Kg4 Rc1 60. h5 Rg1+ 61. Kh4 Rh1+ 62. Kg5 Rg1+ 63. Rg4 Rh1 64. h6 Kf8 65. Kg6 Kg8 66. e7 Re1 67. e8=Q+ Rxe8 68. Bxe8 Kh8 69. Rf4 Kg8 70. h7+ Kh8 71. Rf8# 1-0


[Site "https://www.chess.com"]

[Event "Titled Tuesday Blitz May 10 Late 2022"]
[White "Djokic, Mihailo"]
[Black "Bernal Moro, Luis Javier"]
[WhiteFideId "976440"]
[BlackFideId "2200236"]
[WhiteElo "2202"]
[BlackElo "2373"]
[Result "1-0"]
[Round "05"]
[TimeControl "180+1"]
[Date "2022.05.11"]
[WhiteClock "0:01:08"]
[BlackClock "0:00:13"]

1. e4 c5 2. Nf3 e6 3. d4 cxd4 4. Nxd4 Nc6 5. Nc3 a6 6. Be2 Nge7 7. O-O Nxd4 8. Qxd4 Nc6 9. Qe3 b5 10. a4 b4 11. Nd5 Rb8 12. b3 Bd6 13. Nf4 Be5 14. Rb1 O-O 15. Rd1 Qf6 16. Nh5 Qg6 17. Ng3 Qf6 18. Nh5 Qg6 19. f4 Bc3 20. Ng3 f6 21. Kh1 Qf7 22. Bb2 Bxb2 23. Rxb2 Bb7 24. Rbb1 Rfd8 25. Rd6 Ne7 26. Rbd1 Nc8 27. R6d4 a5 28. Bb5 d6 29. f5 e5 30. Bc4 d5 31. Rxd5 Rxd5 32. Rxd5 Ne7 33. Rd7 1-0


[Site "https://www.chess.com"]

[Event "Titled Tuesday Blitz May 10 Late 2022"]
[White "Donchenko, Alexander"]
[Black "Koziorowicz, Michal"]
[WhiteFideId "24603295"]
[BlackFideId "21809194"]
[WhiteElo "2572"]
[BlackElo "2219"]
[Result "1-0"]
[Round "05"]
[TimeControl "180+1"]
[Date "2022.05.10"]
[WhiteClock "0:00:58"]
[BlackClock "0:00:02"]

1. d4 f5 2. g3 Nf6 3. Bg2 e6 4. c4 d5 5. Nh3 c6 6. O-O Bd6 7. Bf4 O-O 8. Nd2 b6 9. Bxd6 Qxd6 10. Nf4 Bb7 11. Rc1 Nbd7 12. Qb3 Rae8 13. Rfd1 Kh8 14. e3 Ne4 15. Nd3 Qe7 16. Qa3 Qxa3 17. bxa3 Rc8 18. Nf3 Ba6 19. Nfe5 Nef6 20. Bf1 Bxc4 21. Nxc4 dxc4 22. Rxc4 Nd5 23. Rdc1 Nb8 24. Ne5 Ne7 25. Bg2 Rc7 26. Bxc6 Nbxc6 27. Nxc6 Nd5 28. Ne5 Rxc4 29. Rxc4 Re8 30. Kf1 g6 31. Ke2 Kg7 32. h4 Kf6 33. Kd3 Ke7 34. Nc6+ Kd7 35. Nxa7 Ra8 36. Nb5 Ra5 37. a4 Ne7 38. Rc7+ Kd8 39. Ra7 Rxa7 40. Nxa7 Nd5 41. Kc4 Kc7 42. Nb5+ Kc6 43. Nc3 Nf6 44. f3 h6 45. e4 g5 46. hxg5 hxg5 47. d5+ Kd6 48. Nb5+ Ke5 49. dxe6 fxe4 50. fxe4 Kxe4 51. Nc7 1-0


[Site "https://www.chess.com"]

[Event "Titled Tuesday Blitz May 10 Late 2022"]
[White "Wagner, Dinara"]
[Black "Pranav, V"]
[WhiteFideId "24157570"]
[BlackFideId "25060783"]
[WhiteElo "2216"]
[BlackElo "2349"]
[Result "0-1"]
[Round "05"]
[TimeControl "180+1"]
[Date "2022.05.11"]
[WhiteClock "0:02:02"]
[BlackClock "0:01:58"]

1. d4 Nf6 2. c4 e6 3. Nf3 Bb4+ 4. Bd2 a5 5. a3 Bxd2+ 6. Nbxd2 O-O 7. g3 d6 8. Bg2 a4 9. O-O Nc6 10. Nb1 e5 11. Nc3 Re8 12. d5 Ne7 13. Nxa4 Ng6 14. Nc3 Bf5 15. b4 Qd7 16. c5 Bh3 17. c6 bxc6 18. dxc6 Qg4 19. Nd5 Nxd5 20. Qxd5 Bxg2 21. Kxg2 Nf4+ 0-1


[Site "https://www.chess.com"]

[Event "Titled Tuesday Blitz May 10 Late 2022"]
[White "Dounis, Alexandros"]
[Black "Yuan, Qingyu"]
[WhiteFideId "4213238"]
[BlackFideId "8609772"]
[WhiteElo "2204"]
[BlackElo "2359"]
[Result "0-1"]
[Round "05"]
[TimeControl "180+1"]
[Date "2022.05.10"]
[WhiteClock "0:01:10"]
[BlackClock "0:01:16"]

1. Nf3 d5 2. g3 c5 3. Bg2 Nc6 4. d4 Nf6 5. O-O e6 6. c4 dxc4 7. Ne5 Bd7 8. Na3 cxd4 9. Nxc6 Bxc6 10. Bxc6+ bxc6 11. Nxc4 c5 12. e3 Be7 13. exd4 cxd4 14. Qa4+ Qd7 15. Qxd7+ Nxd7 16. Rd1 Bf6 17. Nd6+ Ke7 18. Ne4 e5 19. Bd2 Rab8 20. b3 Rhc8 21. Rac1 Ke6 22. f4 Be7 23. fxe5 Nxe5 24. Rxc8 Rxc8 25. Bf4 f5 26. Nf2 Bf6 27. Kf1 Nf3 28. Rd3 Nxh2+ 29. Kg2 Rc2 30. Kxh2 Rxf2+ 0-1


[Site "https://www.chess.com"]

[Event "Titled Tuesday Blitz May 10 Late 2022"]
[White "Dreev, Aleksey"]
[Black "Sadhwani, Raunak"]
[WhiteFideId "4100107"]
[BlackFideId "35093487"]
[WhiteElo "2625"]
[BlackElo "2616"]
[Result "1-0"]
[Round "05"]
[TimeControl "180+1"]
[Date "2022.05.10"]
[WhiteClock "0:00:13"]
[BlackClock "0:00:08"]

1. d4 Nf6 2. Nf3 g6 3. g3 Bg7 4. Bg2 O-O 5. O-O d6 6. b3 b5 7. Ne5 dxe5 8. Bxa8 c6 9. dxe5 Nd5 10. a4 b4 11. a5 Nc7 12. Be3 Nxa8 13. Qxd8 Rxd8 14. Bxa7 Bxe5 15. Ra4 Bh3 16. Re1 Na6 17. c3 bxc3 18. Rc4 Be6 19. Rxc6 Nb4 20. Rxc3 Bxc3 21. Nxc3 Nc6 22. Bc5 Bxb3 23. a6 Rc8 24. Rb1 Be6 25. f3 Kf8 26. Rb7 Ke8 27. a7 Bd7 28. Nd5 f6 29. Bxe7 Nxe7 30. Nxf6+ Kf7 31. Nxd7 Ke6 32. Nb6 Rc1+ 33. Kf2 1-0


[Site "https://www.chess.com"]

[Event "Titled Tuesday Blitz May 10 Late 2022"]
[White "Estrada Nieto, Julian"]
[Black "Araujo Filho, Luiz Antonio Coel"]
[WhiteFideId "5101018"]
[BlackFideId "2130661"]
[WhiteElo "2252"]
[BlackElo "2289"]
[Result "1-0"]
[Round "05"]
[TimeControl "180+1"]
[Date "2022.05.11"]
[WhiteClock "0:00:13"]
[BlackClock "0:00:03"]

1. e4 c6 2. d4 d5 3. Nc3 dxe4 4. Nxe4 Nf6 5. Nxf6+ exf6 6. Bc4 Bd6 7. Qe2+ Qe7 8. Qxe7+ Bxe7 9. Ne2 O-O 10. Bf4 Re8 11. O-O-O Nd7 12. Bd3 Nf8 13. Rhe1 Ne6 14. Bg3 g6 15. c3 f5 16. Kc2 Bd7 17. Nf4 Bf6 18. Bc4 Nxf4 19. Bxf4 Kg7 20. Be5 Be6 21. Bxf6+ Kxf6 22. Bxe6 Rxe6 23. Re3 Rxe3 24. fxe3 Re8 25. Kd3 h5 26. c4 Kg5 27. Rf1 a6 28. b4 Re4 29. a4 Rh4 30. h3 Re4 31. Rb1 Kh4 32. b5 Kg3 33. bxa6 bxa6 34. Rb2 Re8 35. d5 c5 36. a5 g5 37. Rd2 f4 38. exf4 gxf4 39. d6 f5 40. Kc3 f3 41. gxf3 Kxf3 42. Rd5 Ke4 43. Rxc5 f4 44. Kd2 f3 45. d7 Rd8 46. Rd5 h4 47. Ke1 Ke3 48. Rd6 Rg8 49. Re6+ Kd4 50. Re8 1-0


[Site "https://www.chess.com"]

[Event "Titled Tuesday Blitz May 10 Late 2022"]
[White "Fedoseev, Vladimir"]
[Black "Hansen, Eric"]
[WhiteFideId "24130737"]
[BlackFideId "2606771"]
[WhiteElo "2726"]
[BlackElo "2568"]
[Result "1-0"]
[Round "05"]
[TimeControl "180+1"]
[Date "2022.05.10"]
[WhiteClock "0:00:55"]
[BlackClock "0:00:30"]

1. d4 Nf6 2. Nf3 b6 3. c4 Bb7 4. Nc3 e6 5. a3 d5 6. cxd5 Nxd5 7. Qc2 Nd7 8. Nxd5 Bxd5 9. e4 Bb7 10. Bb5 Bd6 11. Bg5 Qc8 12. e5 c6 13. Bd3 Be7 14. Bxh7 c5 15. Be4 Bxg5 16. Nxg5 Rb8 17. Bg6 cxd4 18. Bxf7+ Ke7 19. Qg6 Nxe5 20. Qxg7 Nxf7 21. Qxf7+ Kd6 22. Qf6 Rf8 23. Qxd4+ Bd5 24. O-O Qc5 25. Ne4+ 1-0


[Site "https://www.chess.com"]

[Event "Titled Tuesday Blitz May 10 Late 2022"]
[White "Gaisinsky, Adam"]
[Black "Romanchuk, Viktor"]
[WhiteFideId "2620561"]
[BlackFideId "14109271"]
[WhiteElo "1965"]
[BlackElo "2242"]
[Result "1/2-1/2"]
[Round "05"]
[TimeControl "180+1"]
[Date "2022.05.11"]
[WhiteClock "0:00:06"]
[BlackClock "0:00:16"]

1. d4 d5 2. Nf3 Nf6 3. Bf4 c5 4. e3 Nc6 5. Nbd2 Qb6 6. dxc5 Qxb2 7. Rb1 Qc3 8. Bb5 e6 9. O-O Be7 10. e4 O-O 11. Re1 dxe4 12. Nxe4 Nxe4 13. Rxe4 Qxc5 14. Be3 Qd5 15. Bd3 Rd8 16. Qe2 Qxa2 17. Re1 Nb4 18. Bg5 f6 19. Bc4 Qxc2 20. Rxe6 Bxe6 21. Qxe6+ Kh8 22. Qxe7 Qxc4 23. Bxf6 gxf6 24. Qxf6+ Kg8 25. Qg5+ Kh8 26. Qf6+ Kg8 27. Qg5+ Kh8 28. Qf6+ 1/2-1/2


[Site "https://www.chess.com"]

[Event "Titled Tuesday Blitz May 10 Late 2022"]
[White "Gatterer, Florian"]
[Black "Kim, Sergey"]
[WhiteFideId "811688"]
[BlackFideId "13700570"]
[WhiteElo "2218"]
[BlackElo "2473"]
[Result "0-1"]
[Round "05"]
[TimeControl "180+1"]
[Date "2022.05.11"]
[WhiteClock "0:01:04"]
[BlackClock "0:01:47"]

1. Nf3 Nf6 2. c4 g6 3. b3 Bg7 4. Bb2 d6 5. g3 O-O 6. d4 e5 7. dxe5 Nfd7 8. Bg2 dxe5 9. e4 Nc6 10. O-O Nc5 11. Nc3 a5 12. h3 Nd3 13. Ba3 Ncb4 14. Nd5 c6 15. Nc3 Be6 16. Ne1 Nc5 17. Bxb4 axb4 18. Qxd8 Rfxd8 19. Na4 Nxa4 20. bxa4 Bxc4 21. Nc2 Bxf1 22. Bxf1 Rxa4 23. Bc4 Bf8 24. Bb3 Raa8 25. Ne3 Kg7 26. h4 f6 27. h5 Rd3 28. Ng2 Bc5 29. Kf1 Rxb3 0-1


[Site "https://www.chess.com"]

[Event "Titled Tuesday Blitz May 10 Late 2022"]
[White "Godzwon, Iwo"]
[Black "Wagner, Dennis"]
[WhiteFideId "21802483"]
[BlackFideId "24650684"]
[WhiteElo "2201"]
[BlackElo "2355"]
[Result "0-1"]
[Round "05"]
[TimeControl "180+1"]
[Date "2022.05.10"]
[WhiteClock "0:00:52"]
[BlackClock "0:01:08"]

1. e4 c5 2. Nf3 d6 3. d4 cxd4 4. Nxd4 Nf6 5. f3 e5 6. Nb3 d5 7. Bg5 Be6 8. exd5 Qxd5 9. N1d2 Be7 10. Bc4 Qc6 11. Qe2 O-O 12. Bxe6 Qxe6 13. O-O-O Rc8 14. Kb1 Nbd7 15. Bxf6 Nxf6 16. Ne4 a5 17. Nc1 a4 18. a3 Qc4 19. Qxc4 Rxc4 20. Nxf6+ Bxf6 21. Ne2 e4 22. fxe4 Rxe4 23. Ng3 Re6 24. Rd7 Rb6 25. Ne4 Bxb2 26. Ka2 Be5 27. Rc1 0-1


[Site "https://www.chess.com"]

[Event "Titled Tuesday Blitz May 10 Late 2022"]
[White "Gurevich, Dmitry"]
[Black "Jones, Gawain C B"]
[WhiteFideId "2000407"]
[BlackFideId "409561"]
[WhiteElo "2506"]
[BlackElo "2657"]
[Result "0-1"]
[Round "05"]
[TimeControl "180+1"]
[Date "2022.05.10"]
[WhiteClock "0:00:05"]
[BlackClock "0:00:04"]

1. d4 Nf6 2. c4 g6 3. Nc3 Bg7 4. e4 d6 5. Nf3 O-O 6. Be2 Nbd7 7. O-O e5 8. Be3 Qe7 9. d5 c5 10. Nd2 Kh8 11. a3 Ng8 12. b4 f5 13. f3 b6 14. Nb3 Ngf6 15. bxc5 Nxc5 16. Nxc5 bxc5 17. Rb1 f4 18. Bf2 g5 19. Qa4 g4 20. Bh4 g3 21. Qc6 Bd7 22. Rb7 gxh2+ 23. Kh1 Rad8 24. Nb5 Qe8 25. Bxf6 Bxc6 26. Bxg7+ Kg8 27. dxc6 Rf7 28. Rxf7 Kxf7 29. c7 Rd7 30. Rd1 Ke6 31. Bh6 a6 32. Nc3 Rxc7 33. g4 fxg3 34. f4 Qg8 35. f5+ Kd7 36. Nd5 Kd8 37. Bf3 Rb7 38. Bg2 Rb2 39. f6 Qg6 40. Ne3 Qxh6 41. Rxd6+ Kc7 42. Rd3 Rb1+ 43. Nf1 Qxf6 44. Bh3 Rxf1+ 0-1


[Site "https://www.chess.com"]

[Event "Titled Tuesday Blitz May 10 Late 2022"]
[White "Hakobyan, Aram"]
[Black "Shimanov, Aleksandr"]
[WhiteFideId "13306677"]
[BlackFideId "4198603"]
[WhiteElo "2557"]
[BlackElo "2605"]
[Result "1-0"]
[Round "05"]
[TimeControl "180+1"]
[Date "2022.05.10"]
[WhiteClock "0:00:04"]
[BlackClock "0:00:01"]

1. d4 Nf6 2. c4 e6 3. a3 d5 4. cxd5 exd5 5. Nc3 Be7 6. Bf4 c6 7. e3 O-O 8. Bd3 Nbd7 9. Nge2 Nh5 10. Bg3 Re8 11. Qc2 g6 12. Nxd5 Qa5+ 13. Ndc3 Nxg3 14. hxg3 Nf6 15. e4 Ng4 16. Bc4 b5 17. Ba2 c5 18. Qd2 cxd4 19. Nxd4 Bf6 20. f3 Qb6 21. Rd1 Bxd4 22. Qxd4 Qxd4 23. Rxd4 Nf6 24. Nxb5 Rb8 25. Nd6 Re7 26. Rb4 Rxb4 27. axb4 Rc7 28. Kd2 Be6 29. Bxe6 fxe6 30. Rc1 Rd7 31. Rc6 e5 32. Ke3 Kg7 33. b5 Ng8 34. Nc4 Re7 35. Rc5 Kf6 36. f4 exf4+ 37. gxf4 Kg7 38. b6 axb6 39. Nxb6 Rb7 40. Nc4 Ne7 41. g4 Rb3+ 42. Kd4 Kf7 43. g5 Rg3 44. b4 Rb3 45. b5 Ke6 46. Re5+ Kd7 47. Kc5 Rb1 48. b6 Rb3 49. f5 gxf5 50. exf5 Rb1 51. f6 Ng6 52. Rd5+ Ke6 53. Kc6 h6 54. gxh6 Kxf6 55. Rd6+ Kf7 56. h7 Rh1 57. b7 Ne7+ 58. Kc7 Rc1 59. Rd4 Nf5 60. Rf4 Kg6 61. b8=Q Ng7 62. Qg8 1-0


[Site "https://www.chess.com"]

[Event "Titled Tuesday Blitz May 10 Late 2022"]
[White "Hamley, Ryan"]
[Black "Dourerassou, Jonathan"]
[WhiteFideId "30959497"]
[BlackFideId "628050"]
[WhiteElo "2507"]
[BlackElo "2499"]
[Result "0-1"]
[Round "05"]
[TimeControl "180+1"]
[Date "2022.05.11"]
[WhiteClock "0:01:03"]
[BlackClock "0:02:03"]

1. Nf3 Nf6 2. b3 g6 3. Bb2 Bg7 4. g3 O-O 5. Bg2 d6 6. O-O Nbd7 7. c4 a6 8. Nc3 c5 9. d4 cxd4 10. Nxd4 Nc5 11. b4 Ne6 12. Rc1 Rb8 13. a4 a5 14. Nc2 axb4 15. Nxb4 Qa5 16. Nbd5 Nxd5 17. Bxd5 Nc5 18. Qc2 Bf5 19. e4 Bh3 20. Rfd1 e6 21. Ra1 exd5 22. Nxd5 f6 23. Bc3 Qa6 24. Qb2 Nxe4 25. Bd4 Qxc4 26. Ne7+ Kh8 27. Rac1 Qe6 28. Rc7 Ng5 29. Qc2 Nf3+ 30. Kh1 Nxd4 0-1


[Site "https://www.chess.com"]

[Event "Titled Tuesday Blitz May 10 Late 2022"]
[White "Hardaway, Brewington"]
[Black "Castellanos Hernandez, Emilio Au"]
[WhiteFideId "30941849"]
[BlackFideId "5114179"]
[WhiteElo "1768"]
[BlackElo "2021"]
[Result "1-0"]
[Round "05"]
[TimeControl "180+1"]
[Date "2022.05.11"]
[WhiteClock "0:01:51"]
[BlackClock "0:01:16"]

1. e4 c5 2. Nf3 Nc6 3. d4 cxd4 4. Nxd4 d6 5. Be3 Nf6 6. f3 g6 7. Nc3 Bg7 8. Qd2 Bd7 9. O-O-O a6 10. g4 Qc7 11. h4 h5 12. g5 Ng8 13. Nd5 Qd8 14. Nxc6 Bxc6 15. Bb6 Qc8 16. Nc7+ Kf8 17. Bh3 e6 18. Qxd6+ Ne7 19. Nxa8 Qxa8 20. Qd8+ Qxd8 21. Rxd8+ Be8 22. Bc5 f6 23. gxf6 Bxf6 24. Bxe6 Kg7 25. Rhd1 Nc6 26. Rc8 Bxh4 27. Rc7+ Kf6 28. Bd7 Bg5+ 29. Kb1 h4 30. Bxc6 Bxc6 31. Bd4+ 1-0


[Site "https://www.chess.com"]

[Event "Titled Tuesday Blitz May 10 Late 2022"]
[White "Herrera Reyes, Jose Antonio"]
[Black "Shapiro, David"]
[WhiteFideId "2274914"]
[BlackFideId "24133523"]
[WhiteElo "2361"]
[BlackElo "2300"]
[Result "1-0"]
[Round "05"]
[TimeControl "180+1"]
[Date "2022.05.11"]
[WhiteClock "0:01:20"]
[BlackClock "0:00:01"]

1. Nf3 d5 2. g3 Nc6 3. Bg2 e5 4. O-O Be6 5. c4 dxc4 6. Qa4 Qd7 7. Nc3 f6 8. Rd1 Nge7 9. d3 Nd5 10. Nxd5 Qxd5 11. Ng5 Qd7 12. Nxe6 Qxe6 13. dxc4 e4 14. Qb5 Rb8 15. Bf4 Bd6 16. Qd5 Qxd5 17. cxd5 Bxf4 18. dxc6 Be5 19. Bxe4 bxc6 20. Bxc6+ Kf7 21. Rd7+ Kg6 22. f4 Bxb2 23. Rad1 Rhe8 24. Kf2 Ba3 25. Rxc7 Bc5+ 26. Kf1 Rec8 27. Be4+ f5 28. Bxf5+ Kxf5 29. Rd5+ Ke4 30. Rdxc5 Rxc7 31. Rxc7 Ke3 32. Re7+ Kd2 33. Rxa7 Re8 34. Rd7+ Ke3 35. Rd3+ Ke4 36. Kf2 Ra8 37. a3 g6 38. Re3+ Kf5 39. Re5+ Kg4 40. Kg2 Rxa3 1-0


[Site "https://www.chess.com"]

[Event "Titled Tuesday Blitz May 10 Late 2022"]
[White "Hess, Robert"]
[Black "Srinath, Rao S.V."]
[WhiteFideId "2022036"]
[BlackFideId "5028876"]
[WhiteElo "2557"]
[BlackElo "2181"]
[Result "0-1"]
[Round "05"]
[TimeControl "180+1"]
[Date "2022.05.11"]
[WhiteClock "0:00:07"]
[BlackClock "0:01:08"]

1. e4 e6 2. d3 d5 3. Nd2 Nf6 4. g3 g6 5. Bg2 Bg7 6. Qe2 O-O 7. h4 e5 8. h5 gxh5 9. exd5 c6 10. d6 Qxd6 11. Ne4 Nxe4 12. Bxe4 Bg4 13. Bf3 f5 14. Bd2 Na6 15. O-O-O Nc5 16. Qe3 f4 17. gxf4 exf4 18. Qe2 Na4 19. c3 Rae8 20. Qf1 Qe6 21. Kb1 b5 22. Rxh5 Bxh5 23. Bxh5 Rd8 24. Bf3 b4 25. d4 bxc3 26. bxc3 Rb8+ 27. Ka1 Rb2 28. d5 cxd5 29. Qe2 Qb6 30. Bxd5+ Kh8 31. Bb3 Rxb3 32. axb3 Qxb3 33. Bc1 0-1


[Site "https://www.chess.com"]

[Event "Titled Tuesday Blitz May 10 Late 2022"]
[White "Jobava, Baadur"]
[Black "Rustemov, Alexander"]
[WhiteFideId "13601520"]
[BlackFideId "4119002"]
[WhiteElo "2617"]
[BlackElo "2753"]
[Result "1-0"]
[Round "05"]
[TimeControl "180+1"]
[Date "2022.05.10"]
[WhiteClock "0:01:50"]
[BlackClock "0:00:01"]

1. b3 d5 2. Bb2 Nf6 3. e3 c6 4. f4 Bg4 5. Be2 Bxe2 6. Qxe2 e6 7. Nf3 Be7 8. O-O O-O 9. d3 a5 10. Nbd2 a4 11. Ne5 Nbd7 12. Rf3 axb3 13. cxb3 Ba3 14. Bc3 Nxe5 15. fxe5 Nd7 16. Rh3 Qg5 17. Nf3 Qe7 18. Rf1 Bb4 19. Bxb4 Qxb4 20. d4 Qe7 21. Qc2 f5 22. exf6 Nxf6 23. Ng5 h6 24. Rxf6 gxf6 25. Qg6+ Qg7 26. Qxg7+ Kxg7 27. Nxe6+ Kg6 28. Nxf8+ Rxf8 29. Rg3+ Kf7 30. Rf3 Ra8 31. Rf2 Ke6 32. h3 b6 33. b4 Ra3 34. Rc2 Kd6 35. Kf2 f5 36. Kf3 Ra8 37. Kf4 Rf8 38. a4 Ra8 39. Ra2 Ke6 40. a5 Rb8 41. Rc2 Kd6 42. Kxf5 Rf8+ 43. Kg6 bxa5 44. bxa5 1-0


[Site "https://www.chess.com"]

[Event "Titled Tuesday Blitz May 10 Late 2022"]
[White "Joubert, Dantelle"]
[Black "Novikova, Galina"]
[WhiteFideId "14310813"]
[BlackFideId "4157095"]
[WhiteElo "1507"]
[BlackElo "1863"]
[Result "0-1"]
[Round "05"]
[TimeControl "180+1"]
[Date "2022.05.11"]
[WhiteClock "0:00:06"]
[BlackClock "0:01:07"]

1. Nf3 e6 2. c4 f5 3. g3 Nf6 4. Bg2 d6 5. d4 Be7 6. O-O O-O 7. Nc3 a5 8. Qc2 Nc6 9. d5 Nb4 10. Qd1 e5 11. Rb1 Qe8 12. a3 Na6 13. b4 axb4 14. axb4 Qh5 15. c5 f4 16. gxf4 Bh3 17. fxe5 Qg4 18. Ne1 dxe5 19. e4 Qg6 20. Qf3 Bxg2 21. Qxg2 Qh5 22. Qg5 Qh3 23. Qg3 Qh5 24. Qg5 Qf7 25. Qxe5 Rae8 26. Qg3 Bd8 27. Be3 Nxe4 28. Nxe4 Rxe4 29. b5 Nb4 30. Ng2 Nxd5 31. Rfd1 Nc3 32. Rxd8 Ne2+ 33. Kh1 Nxg3+ 34. hxg3 Rxd8 0-1


[Site "https://www.chess.com"]

[Event "Titled Tuesday Blitz May 10 Late 2022"]
[White "Kalajzic, Ivan"]
[Black "Fishbein, Alexander"]
[WhiteFideId "14506378"]
[BlackFideId "2000377"]
[WhiteElo "2163"]
[BlackElo "2442"]
[Result "0-1"]
[Round "05"]
[TimeControl "180+1"]
[Date "2022.05.11"]
[WhiteClock "0:00:34"]
[BlackClock "0:00:36"]

1. b3 c5 2. Bb2 Nc6 3. e3 a6 4. Nf3 d5 5. d4 Nf6 6. Be2 e6 7. O-O Be7 8. dxc5 Bxc5 9. Nbd2 O-O 10. Re1 Qe7 11. Nf1 Ba3 12. Bxa3 Qxa3 13. Ng3 e5 14. c4 Be6 15. cxd5 Nxd5 16. Bc4 Rad8 17. Qc1 Qxc1 18. Raxc1 f6 19. e4 Nf4 20. Nf5 Bxc4 21. Rxc4 g6 22. Ne3 Rd3 23. g3 Ne6 24. Rd1 Rfd8 25. Rxd3 Rxd3 26. Ne1 Rd2 27. Rc2 Rxc2 28. N1xc2 Kf7 29. Kf1 Ng5 30. Nc4 Nxe4 31. f3 Nc3 32. Nd6+ Ke7 33. Nxb7 Nxa2 34. Nc5 Nab4 35. Ne3 f5 36. Nc4 Nd4 37. Nxe5 Kd6 38. Ned7 Nxb3 39. Nxb3 Kxd7 40. Ke2 Kd6 41. Ke3 Kd5 42. Kf4 Kc4 43. Na5+ Kb5 44. Nb3 Nd3+ 45. Kg5 Kc4 46. Na5+ Kb4 47. Nb7 Nc5 48. Nd8 Kb5 49. Kh6 a5 50. Nf7 a4 51. Nd6+ Kb4 52. Kxh7 a3 53. Kxg6 a2 54. Ne8 a1=Q 55. Nf6 Qh1 56. h4 Qxf3 57. h5 Qxg3+ 58. Kxf5 Nd3 59. h6 Qf4+ 60. Kg6 Ne5+ 61. Kg7 Qg5+ 62. Kh7 Qxf6 0-1


[Site "https://www.chess.com"]